 Dungeon Crawl Stone Soup version 0.14-a0-30-gf0b6e91 (webtiles) character file.

1206 PolkaDot the Insei (level 8, 0/54 HPs)
             Began as an Octopode Monk on Sept 26, 2013.
             Slain by a bat (1 damage)
             ... on Level 5 of the Dungeon.
             The game lasted 00:23:09 (4583 turns).

PolkaDot the Insei (Octopode Monk)                  Turns: 4583, Time: 00:23:09

HP   0/54        AC  1     Str 16      XL: 8   Next: 24%
MP   7/7         EV 15     Int 12      God:
Gold 170         SH  0     Dex 16      Spells:  0 memorised,  7 levels left

Res.Fire  : . . .   See Invis. : .     - Unarmed
Res.Cold  : . . .   Warding    : .   (no shield)
Life Prot.: . . .   Conserve   : .   (helmet restricted)
Res.Poison: .       Res.Corr.  : .   t - amulet of the gourmand
Res.Elec. : .       Clarity    : .   (no ring)
Sust.Abil.: . .     Spirit.Shd : .   (no ring)
Res.Mut.  : .       Stasis     : .   (no ring)
Res.Rott. : .       Flight     : .   (no ring)
Gourmand  : +                        (no ring)
                                     (no ring)
                                     (no ring)
                                     (no ring)

@: mighty, slightly resistant to hostile enchantments, quite stealthy
A: almost no armour, amphibious, 8 rings, constrict 8, camouflage 1, AC +1
a: no special abilities


You were on level 5 of the Dungeon.
You were not hungry.

You visited 1 branch of the dungeon, and saw 5 of its levels.
You also visited: Sewer.

You collected 170 gold pieces.

Inventory:

Missiles
 m - 5 tomahawks (quivered)
Magical devices
 h - a wand of frost (11)
 u - a wand of hasting (6)
Comestibles
 b - 3 bread rations
 g - a snozzcumber
 j - 4 apples
 l - 2 meat rations
 p - a lemon
Scrolls
 a - a scroll of enchant weapon I
 n - a scroll of fog
 r - a scroll of enchant weapon II {unknown}
 w - 2 scrolls of teleportation
 x - a scroll of remove curse {unknown}
 y - 3 scrolls of blinking
Jewellery
 t - an amulet of the gourmand (around mantle)
Potions
 c - 2 potions of poison
 d - a potion of speed
 f - 2 potions of restore abilities
 i - a potion of paralysis
 k - 2 potions of mutation
 o - 3 potions of heal wounds
 q - 4 potions of magic
 s - a potion of brilliance
 v - a potion of might


   Skills:
 + Level 5.4 Fighting
 + Level 5.7 Dodging
 - Level 2.6 Stealth
 * Level 7.7 Unarmed Combat


You had 7 spell levels left.
You didn't know any spells.

Dungeon Overview and Level Annotations

Branches:
Dungeon (5/27)
 Temple: D:4-7

Altars:
Ashenzari

Shops:
D:4 [(?/


Innate Abilities, Weirdness & Mutations

You cannot wear most types of armour.
You are amphibious.
You can wear up to eight rings at the same time.
You can use your tentacles to constrict many enemies at once.
Your skin changes colour to match your surroundings (Stlth).
Your rubbery body absorbs attacks (AC +1).


Message History

The bat barely misses you. It hits you. It shocks you.
You hit the ogre. You squeeze the ogre!
You kill the ogre!
The bat closely misses you. It hits you. It shocks you!
* * * LOW HITPOINT WARNING * * *
You completely miss it. Your squeeze misses it.
The bat hits you but does no damage.
You miss it. The bat hits you.
* * * LOW HITPOINT WARNING * * *
It hits you.
* * * LOW HITPOINT WARNING * * *
It shocks you!
* * * LOW HITPOINT WARNING * * *
Drink which item? (? for menu, Esc to quit)
You feel better. The bat hits you but does no damage. It hits you.
* * * LOW HITPOINT WARNING * * *
It shocks you.
* * * LOW HITPOINT WARNING * * *
The bat hits you.
You die...

#########################
................<........
.........................
..#####.....>...b{).?....#
..# #.........@(.......#
..# #.......######.....#
..#####.......# ...
.......)......# .
..............#
######.######.# #.. #.#
#.# #.O... #.# #.# #.....#
#.# #.# #.....#


You could see a bat.

Vanquished Creatures
  Prince Ribbit (D:5)
  A necrophage (D:4)
  An ogre (D:5)
  2 centaurs (D:5)
  Sigmund (D:3)
  2 hounds
  A giant frog skeleton (D:4)
  A big fish (Sewer)
  An orc wizard (D:4)
  A scorpion (D:5)
  A hound skeleton (D:5)
  9 adders
  An inept feature mimic (D:5)
  2 giant mites (D:3)
  A giant eyeball (D:4)
  3 giant geckos
  An ooze (D:4)
  4 orcs
  5 ball pythons
  13 bats
  5 giant cockroaches
  7 hobgoblins
  17 jackals
  15 kobolds
  8 giant newts
  12 goblins
  2 quokkas
  9 rats
  6 plants (Sewer)
133 creatures vanquished.

Vanquished Creatures (others)
  2 plants (D:2)
2 creatures vanquished.

Grand Total: 135 creatures vanquished

Notes
Turn   | Place    | Note
--------------------------------------------------------------
     0 | D:1      | PolkaDot, the Octopode Monk, began the quest for the Orb.
     0 | D:1      | Reached XP level 1. HP: 14/14 MP: 0/0
   223 | D:1      | Reached XP level 2. HP: 19/19 MP: 1/1
   948 | D:2      | Found a shattered altar of Ashenzari.
   953 | D:2      | Saw a vision of the Swamp and the Spider Nest.
   953 | D:2      | Noticed a swamp drake
   953 | D:2      | Noticed a water moccasin
   953 | D:2      | Noticed a redback
   953 | D:2      | Noticed an alligator
   954 | D:2      | Noticed a baby alligator
   955 | D:2      | Noticed an alligator
   956 | D:2      | Noticed a baby alligator
   956 | D:2      | Noticed a baby alligator
   956 | D:2      | Noticed a raven
   989 | D:2      | Reached XP level 3. HP: 23/25 MP: 2/2
  1863 | D:3      | Noticed Sigmund
  1889 | D:3      | Reached XP level 4. HP: 28/30 MP: 3/3
  1920 | D:3      | Killed Sigmund
  1920 | D:3      | Reached skill level 5 in Unarmed Combat
  1920 | D:3      | Reached XP level 5. HP: 36/36 MP: 4/4
  2228 | D:3      | Found a glowing drain.
  2234 | Sewer    | Entered a sewer
  2839 | Sewer    | Reached XP level 6. HP: 33/42 MP: 5/5
  3382 | D:4      | Found Sirphil's Magical Wand Boutique.
  3510 | D:4      | Found Cla Daeb's Magic Scroll Shoppe.
  3523 | D:4      | Reached skill level 6 in Unarmed Combat
  3602 | D:4      | Found Itutz's Armour Shoppe.
  3634 | D:4      | Noticed a necrophage
  3642 | D:4      | Killed a necrophage
  3642 | D:4      | Reached XP level 7. HP: 29/47 MP: 6/6
  3691 | D:4      | Found Gotaw's Weapon Emporium.
  3749 | D:5      | Entered Level 5 of the Dungeon
  4032 | D:5      | Reached skill level 5 in Dodging
  4049 | D:5      | Noticed Prince Ribbit
  4063 | D:5      | Killed Prince Ribbit
  4063 | D:5      | Reached skill level 5 in Fighting
  4063 | D:5      | Reached skill level 7 in Unarmed Combat
  4533 | D:5      | Reached XP level 8. HP: 40/54 MP: 7/7
  4581 | D:5      | HP: 1/54 [something (6)]
  4583 | D:5      | Slain by a bat

Action                   |  1- 3 |  4- 6 |  7- 9 || total
-------------------------+-------+-------+-------++-------
Melee: Unarmed           |    99 |   233 |    67 ||   399
Evoke: Wand              |       |       |     1 ||     1
  Use: Scroll            |       |       |    16 ||    16
       Potion            |       |       |     8 ||     8
 Stab: Sleeping          |     7 |    11 |     1 ||    19
       Distracted        |       |     1 |       ||     1
